Capitals vs Red Wings
Created - February 4, 2019 at 19:01
Goals
|
| Capitals |
0 |
0 |
2 |
2 |
| Red Wings |
1 |
4 |
1 |
6 |
|
Shots
|
| Capitals |
8 |
8 |
9 |
25 |
| Red Wings |
7 |
20 |
17 |
44 |
|
1st period
1. Red Wings , Tyler Seguin 10 (Adam Henrique 25) at 13:13 (PP)
Penalties :
David Krejci (Was) for Elbowing (Minor) at 5:20, Ryan Getzlaf (Was) for Hooking (Minor) at 12:17, Dan Girardi (Was) for Roughing (Minor) at 14:53
2nd period
2. Red Wings , Pierre-Marc Bouchard 13 (Ole-Kristian Tollefsen 21, Philip Samuelsson 25) at 6:39
3. Red Wings , Sean Bergenheim 17 (Pierre-Marc Bouchard 13) at 8:29
4. Red Wings , Adam Henrique 20 (Phil Kessel 27) at 9:01
5. Red Wings , Brent Seabrook 7 (Adam Henrique 26) at 10:47 (PP)
Penalties :
Scott Hartnell (Was) for Holding (Minor) at 9:26
3rd period
6. Capitals , Joe Thornton 29 (Brent Burns 26) at 0:08
7. Red Wings , Pierre-Marc Bouchard 14 (Tyler Toffoli 14, Sean Bergenheim 17) at 5:29 (PP)
8. Capitals , Mike Cammalleri 7 (Ryan Getzlaf 25, Brent Burns 27) at 16:39
Penalties :
Mikko Koivu (Was) for Charging (Minor) at 5:15, Phil Kessel (Det) for Interference (Minor) at 8:27, Mike Cammalleri (Was) for Hooking (Minor) at 13:20, Joe Thornton (Was) for Holding (Minor) at 18:43
Goalie Stats
Ilya Bryzgalov (Was), 15 saves from 19 shots - (0.789), L, 2-2-0, 29:01 minutes
Tuukka Rask (Was), 23 saves from 25 shots - (0.920), 30:59 minutes
John Gibson (Det), 23 saves from 25 shots - (0.920), W, 14-8-0, 60:00 minutes
Players Stats for Capitals
Player Name G A P +/- PIM S H SB GA TA FO MP PP MP PK MP
------------------------------------------------------------------------------------
Blake Wheeler 0 0 0 0 0 2 2 0 0 1 0/0 16:51 0:54 0:00
Brent Burns 0 2 2 1 0 1 3 2 1 2 0/0 27:58 1:11 6:35
Christian Ehrhoff 0 0 0 1 0 3 1 3 0 2 0/0 27:58 1:11 6:35
Dan Girardi 0 0 0 0 2 0 0 0 0 0 0/0 12:38 0:00 0:00
David Krejci 0 0 0 0 2 1 0 0 0 0 0/2 6:19 0:00 0:37
Jamie Benn 0 0 0 0 0 1 0 0 0 0 0/0 5:17 0:00 0:00
Joe Pavelski 0 0 0 0 0 2 1 0 0 1 2/2 21:28 1:01 5:47
Joe Thornton 1 0 1 0 2 4 0 0 1 0 15/34 23:43 1:01 4:55
Joey Ryan 0 0 0 0 0 0 0 0 0 0 0/0 12:18 0:00 0:00
Matt Carle 0 0 0 -2 0 0 2 1 1 1 0/0 19:44 0:48 3:09
Mike Cammalleri 1 0 1 0 2 1 1 0 0 0 0/1 19:19 0:54 1:59
Mikko Koivu 0 0 0 -1 2 3 3 1 1 1 2/6 12:05 0:04 0:00
Ondrej Palat 0 0 0 0 0 0 0 0 0 0 0/1 3:55 0:04 1:25
Patrick Marleau 0 0 0 -1 0 1 2 0 0 1 1/2 14:26 0:00 2:41
Ryan Getzlaf 0 1 1 0 2 1 1 0 0 0 3/7 16:50 0:54 0:00
Scott Hartnell 0 0 0 0 2 1 2 0 0 0 1/4 17:30 1:01 2:04
T.J. Oshie 0 0 0 -1 0 4 1 0 1 0 0/0 12:06 0:04 0:00
Victor Hedman 0 0 0 -2 0 0 0 1 1 0 0/0 19:44 0:48 3:09
Players Stats for Red Wings
Player Name G A P +/- PIM S H SB GA TA FO MP PP MP PK MP
------------------------------------------------------------------------------------
Adam Henrique 1 2 3 0 0 3 1 0 1 0 1/2 20:52 6:22 0:00
Ales Hemsky 0 0 0 0 0 0 1 0 0 0 0/0 8:41 0:24 0:00
Alex Picard 0 0 0 0 0 5 0 0 1 0 0/0 10:46 0:00 0:16
Brent Seabrook 1 0 1 0 0 3 3 1 2 1 0/0 23:14 6:28 0:00
Carson Mcmillan 0 0 0 0 0 1 0 2 0 0 0/0 11:19 0:20 0:49
Chris Kelly 0 0 0 0 0 4 0 1 0 0 3/4 11:28 0:27 0:49
Jiri Fischer 0 0 0 0 0 0 2 0 0 0 0/0 20:24 3:16 0:58
Lubomir Visnovsky 0 0 0 0 0 0 0 0 0 0 0/0 14:29 0:00 1:01
Nate Thompson 0 0 0 0 0 1 2 1 0 1 2/2 8:15 0:00 0:00
Oleg Saprykin 0 0 0 0 0 1 0 1 0 0 0/1 9:42 0:00 1:10
Ole-Kristian Tollefsen 0 1 1 1 0 2 2 0 0 1 0/0 21:17 3:16 0:00
Phil Kessel 0 1 1 0 2 5 0 0 1 0 1/1 21:08 6:22 0:00
Philip Samuelsson 0 1 1 1 0 2 1 0 0 0 0/0 26:08 6:28 1:01
Pierre-Marc Bouchard 2 1 3 1 0 5 0 0 2 0 15/23 18:01 2:58 0:00
Ryan O'Byrne 0 0 0 0 0 1 0 0 0 1 0/0 14:28 0:00 0:58
Sean Bergenheim 1 1 2 1 0 5 2 0 2 0 0/1 18:55 2:58 0:54
Tyler Seguin 1 0 1 0 0 4 2 2 0 0 11/23 20:52 6:23 0:00
Tyler Toffoli 0 1 1 1 0 2 2 0 0 2 2/2 18:01 2:58 0:00
3 Stars
1 - Pierre-Marc Bouchard (Det)
2 - Adam Henrique (Det)
3 - Sean Bergenheim (Det)
Power Play
Capitals - 0 on 1 Attempt(s) - 0.00%
Red Wings - 3 on 7 Attempt(s) - 42.86%
Penalty Kill
Capitals - 4 on 7 Attempt(s) - 57.14%
- Score 0 goal in Penalty Kill
Red Wings - 1 on 1 Attempt(s) - 100.00%
- Score 0 goal in Penalty Kill
Team Stat
Capitals - Hits : 19 - Faceoff Wins : 24 - Blocked Shots : 8 - Penalty Minutes : 14
Red Wings - Hits : 18 - Faceoff Wins : 35 - Blocked Shots : 8 - Penalty Minutes : 2
Official
Referees : Unknown
Linesman : Unknown
Game Notes
Tuukka Rask enters game at 9:01 of 2nd period
Finance
Level 1 -- Attendance: 5967 (99.45%) -- Ticket Income $519,129
Level 2 -- Attendance: 4867 (97.34%) -- Ticket Income $272,552
Level 3 -- Attendance: 1546 (77.30%) -- Ticket Income $58,748
Level 4 -- Attendance: 3171 (79.28%) -- Ticket Income $88,788
Luxury Box -- Attendance: 961 (96.10%) -- Ticket Income $158,565
Game was played at the Joe Louis Arena.
Total Attendance: 16512 (91.73%)
Total Ticket Income: $1,097,782
Other Income: $164,667
Total Income: $1,262,449
Capitals
5 vs 5 Forward
Center Left Wing Right Wing Time % Phy DF OF
1 Joe Thornton Scott Hartnell Joe Pavelski 40 1 2 2
2 Ryan Getzlaf Mike Cammalleri Blake Wheeler 30 1 2 2
3 Mikko Koivu Patrick Marleau T.J. Oshie 20 1 2 2
4 David Krejci Jamie Benn Joe Thornton 10 1 2 2
5 vs 5 Defense
Defense Defense Time % Phy DF OF
1 Brent Burns Christian Ehrhoff 40 1 2 2
2 Victor Hedman Matt Carle 30 1 2 2
3 Dan Girardi Joey Ryan 20 1 2 2
4 Brent Burns Christian Ehrhoff 10 1 2 2
PowerPlay Forward
Center Left Wing Right Wing Time % Phy DF OF
1 Joe Thornton Scott Hartnell Joe Pavelski 60 1 2 2
2 Ryan Getzlaf Mike Cammalleri Blake Wheeler 40 1 2 2
PowerPlay Defense
Defense Defense Time % Phy DF OF
1 Brent Burns Christian Ehrhoff 60 1 2 2
2 Victor Hedman Matt Carle 40 1 2 2
Penalty Kill 4 Players Forward
Center Wing Time % Phy DF OF
1 Joe Thornton Joe Pavelski 60 1 2 2
2 Scott Hartnell Mike Cammalleri 40 1 2 2
Penalty Kill 4 Players Defense
Defense Defense Time % Phy DF OF
1 Brent Burns Christian Ehrhoff 60 1 2 2
2 Victor Hedman Matt Carle 40 1 2 2
Penalty Kill - 3 Players Forward
Forward Time % Phy DF OF
1 Joe Thornton 60 1 2 2
2 Joe Pavelski 40 1 2 2
Penalty Kill - 3 Players Defense
Defense Defense Time % Phy DF OF
1 Brent Burns Christian Ehrhoff 60 1 2 2
2 Victor Hedman Matt Carle 40 1 2 2
4 vs 4 Forward
Center Wing Time % Phy DF OF
1 Joe Thornton Joe Pavelski 60 1 2 2
2 Scott Hartnell Mike Cammalleri 40 1 2 2
4 vs 4 Defense
Defense Defense Time % Phy DF OF
1 Brent Burns Christian Ehrhoff 60 1 2 2
2 Victor Hedman Matt Carle 40 1 2 2
Last Minutes Offensive
Center Left Wing Right Wing Defense Defense
Joe Thornton Scott Hartnell Joe Pavelski Brent Burns Christian Ehrhoff
Last Minutes Defensive
Center Left Wing Right Wing Defense Defense
Joe Thornton Scott Hartnell Joe Pavelski Brent Burns Christian Ehrhoff
Goaltenders
Starting : Ilya Bryzgalov
Backup : Tuukka Rask
Extra Forwards
Normal : Ondrej Palat, Mikko Koivu, Patrick Marleau - PP : Ondrej Palat, Mikko Koivu - PK : Patrick Marleau
Extra Defensemen
Normal : Dan Girardi, Joey Ryan, Victor Hedman - PP : Dan Girardi - PK : Joey Ryan, Victor Hedman
Penalty Shots
Joe Thornton, Joe Pavelski, Scott Hartnell, Mike Cammalleri, Ryan Getzlaf
Scratches
None
Red Wings
5 vs 5 Forward
Center Left Wing Right Wing Time % Phy DF OF
1 Pierre-Marc Bouchard Sean Bergenheim Tyler Toffoli 36 0 2 3
2 Tyler Seguin Adam Henrique Phil Kessel 36 0 2 3
3 Chris Kelly Alex Picard Carson Mcmillan 20 0 3 2
4 Nate Thompson Oleg Saprykin Ales Hemsky 8 1 2 2
5 vs 5 Defense
Defense Defense Time % Phy DF OF
1 Brent Seabrook Jiri Fischer 35 0 3 2
2 Ole-Kristian Tollefsen Philip Samuelsson 35 0 3 2
3 Lubomir Visnovsky Ryan O'Byrne 20 0 3 2
4 Lubomir Visnovsky Ryan O'Byrne 10 0 3 2
PowerPlay Forward
Center Left Wing Right Wing Time % Phy DF OF
1 Tyler Seguin Adam Henrique Phil Kessel 55 0 1 4
2 Pierre-Marc Bouchard Sean Bergenheim Tyler Toffoli 45 0 1 4
PowerPlay Defense
Defense Defense Time % Phy DF OF
1 Philip Samuelsson Brent Seabrook 60 0 2 3
2 Ole-Kristian Tollefsen Jiri Fischer 40 0 2 3
Penalty Kill 4 Players Forward
Center Wing Time % Phy DF OF
1 Oleg Saprykin Sean Bergenheim 50 1 2 2
2 Chris Kelly Carson Mcmillan 50 1 2 2
Penalty Kill 4 Players Defense
Defense Defense Time % Phy DF OF
1 Lubomir Visnovsky Philip Samuelsson 50 1 2 2
2 Jiri Fischer Ryan O'Byrne 50 1 2 2
Penalty Kill - 3 Players Forward
Forward Time % Phy DF OF
1 Carson Mcmillan 60 1 2 2
2 Oleg Saprykin 40 1 2 2
Penalty Kill - 3 Players Defense
Defense Defense Time % Phy DF OF
1 Lubomir Visnovsky Ryan O'Byrne 50 1 2 2
2 Jiri Fischer Ole-Kristian Tollefsen 50 1 2 2
4 vs 4 Forward
Center Wing Time % Phy DF OF
1 Pierre-Marc Bouchard Adam Henrique 60 1 2 2
2 Pierre-Marc Bouchard Phil Kessel 40 1 2 2
4 vs 4 Defense
Defense Defense Time % Phy DF OF
1 Brent Seabrook Jiri Fischer 60 1 2 2
2 Ole-Kristian Tollefsen Philip Samuelsson 40 1 2 2
Last Minutes Offensive
Center Left Wing Right Wing Defense Defense
Tyler Seguin Adam Henrique Phil Kessel Brent Seabrook Philip Samuelsson
Last Minutes Defensive
Center Left Wing Right Wing Defense Defense
Chris Kelly Sean Bergenheim Carson Mcmillan Ryan O'Byrne Lubomir Visnovsky
Goaltenders
Starting : John Gibson
Backup : James Reimer
Extra Forwards
Normal : Adam Henrique, Tyler Seguin, Chris Kelly - PP : Chris Kelly, Ales Hemsky - PK : Chris Kelly
Extra Defensemen
Normal : Brent Seabrook, Philip Samuelsson, Ryan O'Byrne - PP : Jiri Fischer - PK : Brent Seabrook, Ole-Kristian Tollefsen
Penalty Shots
Phil Kessel, Chris Kelly, Tyler Seguin, Carson Mcmillan, Alex Picard
Scratches
Ryan Whitney (Healthy), Michael Haley (Healthy)
% Time on Ice - Capitals
Lines # - Real PCT - Wanted PCT - Time Play
Normal Forward
1 - 31% - 40% - 14:57
2 - 34% - 30% - 16:18
3 - 24% - 20% - 11:45
4 - 11% - 10% - 5:17
Normal Defense
1 - 39% - 40% - 18:39
2 - 33% - 30% - 15:47
3 - 25% - 20% - 12:18
4 - 3% - 10% - 1:33
PP Forward
1 - 55% - 60% - 1:05
2 - 45% - 40% - 0:54
PP Defense
1 - 60% - 60% - 1:11
2 - 40% - 40% - 0:48
PK Forward
1 - 74% - 60% - 7:12
2 - 26% - 40% - 2:32
PK Defense
1 - 68% - 60% - 6:35
2 - 32% - 40% - 3:09
PK3 Forward
1 - 0% - 60%
2 - 0% - 40%
PK3 Defense
1 - 0% - 60%
2 - 0% - 40%
44 Forward
1 - 0% - 60%
2 - 0% - 40%
44 Defense
1 - 0% - 60%
2 - 0% - 40%
Last Minute Offensive - 0:00
Last Minute Defensive - 0:00
Total
Forward - 60:00
Defense - 60:00
|
% Time on Ice - Red Wings
Lines # - Real PCT - Wanted PCT - Time Play
Normal Forward
1 - 32% - 36% - 15:21
2 - 30% - 36% - 14:31
3 - 21% - 20% - 10:10
4 - 17% - 8% - 8:15
Normal Defense
1 - 35% - 35% - 16:46
2 - 37% - 35% - 18:03
3 - 20% - 20% - 9:47
4 - 8% - 10% - 3:41
PP Forward
1 - 66% - 55% - 6:26
2 - 34% - 45% - 3:18
PP Defense
1 - 66% - 60% - 6:28
2 - 34% - 40% - 3:16
PK Forward
1 - 59% - 50% - 1:10
2 - 41% - 50% - 0:49
PK Defense
1 - 51% - 50% - 1:01
2 - 49% - 50% - 0:58
PK3 Forward
1 - 0% - 60%
2 - 0% - 40%
PK3 Defense
1 - 0% - 50%
2 - 0% - 50%
44 Forward
1 - 0% - 60%
2 - 0% - 40%
44 Defense
1 - 0% - 60%
2 - 0% - 40%
Last Minute Offensive - 0:00
Last Minute Defensive - 0:00
Total
Forward - 60:00
Defense - 60:00
|
Play-by-Play
1st period
0:01 of 1st period - Pierre-Marc Bouchard wins face-off versus Joe Thornton in neutral zone.
0:07 of 1st period - Icing by Christian Ehrhoff.
0:08 of 1st period - Joe Thornton wins face-off versus Pierre-Marc Bouchard in Capitals zone.
0:14 of 1st period - Off-side.
0:15 of 1st period - Tyler Seguin wins face-off versus Ryan Getzlaf in neutral zone.
0:34 of 1st period - Philip Samuelsson is hit by Ryan Getzlaf and loses puck.
1:19 of 1st period - Snap shot by Joe Thornton.
1:19 of 1st period - Shot Misses the Net.
2:47 of 1st period - Slapshot by Phil Kessel.
2:47 of 1st period - Deflect By Tyler Seguin.
2:47 of 1st period - Shot Hit the Post.
2:47 of 1st period - Puck is out of play.
2:48 of 1st period - Mikko Koivu wins face-off versus Adam Henrique in Capitals zone.
3:39 of 1st period - Snap shot by Alex Picard.
3:39 of 1st period - Shot Misses the Net.
3:41 of 1st period - Slapshot by Chris Kelly.
3:41 of 1st period - Stopped by Ilya Bryzgalov without a rebound.
3:42 of 1st period - Tyler Seguin wins face-off versus Joe Thornton in Capitals zone.
3:47 of 1st period - Slapshot by Phil Kessel.
3:47 of 1st period - Stopped by Ilya Bryzgalov with a rebound.
3:55 of 1st period - Wrist shot by Joe Thornton.
3:55 of 1st period - Stopped by John Gibson without a rebound.
3:56 of 1st period - Pierre-Marc Bouchard wins face-off versus Joe Thornton in Red Wings zone.
4:07 of 1st period - Snap shot by Pierre-Marc Bouchard.
4:07 of 1st period - Shot Misses the Net.
4:23 of 1st period - Mike Cammalleri is hit by Tyler Seguin and loses puck.
4:32 of 1st period - Slapshot by Adam Henrique.
4:32 of 1st period - Shot Misses the Net.
5:04 of 1st period - Snap shot by David Krejci.
5:04 of 1st period - Shot Misses the Net.
5:06 of 1st period - Wrist shot by Joe Thornton.
5:06 of 1st period - Deflect By Jamie Benn.
5:06 of 1st period - Stopped by John Gibson without a rebound.
5:07 of 1st period - Pierre-Marc Bouchard wins face-off versus David Krejci in Red Wings zone.
5:07 of 1st period - Pierre-Marc Bouchard is hit by Brent Burns.
5:20 of 1st period - Minor Penalty to David Krejci for Elbowing.
5:21 of 1st period - Joe Thornton wins face-off versus Tyler Seguin in Capitals zone.
5:44 of 1st period - Joe Thornton is hit by Adam Henrique and loses puck.
6:21 of 1st period - Slapshot by Tyler Seguin.
6:21 of 1st period - Stopped by Ilya Bryzgalov with a rebound.
6:23 of 1st period - Wrist shot by Brent Seabrook.
6:23 of 1st period - Shot Blocked by Brent Burns.
6:25 of 1st period - Slapshot by Philip Samuelsson.
6:25 of 1st period - Stopped by Ilya Bryzgalov without a rebound.
6:26 of 1st period - Pierre-Marc Bouchard wins face-off versus Scott Hartnell in Capitals zone.
7:20 of 1st period - Penalty to David Krejci is over, David Krejci is back on ice.
7:28 of 1st period - Joe Thornton is hit by Nate Thompson and loses puck.
8:11 of 1st period - Snap shot by Mikko Koivu.
8:11 of 1st period - Stopped by John Gibson with a rebound.
8:13 of 1st period - Slapshot by Brent Burns.
8:13 of 1st period - Stopped by John Gibson with a rebound.
8:15 of 1st period - Backhand shot by Christian Ehrhoff.
8:15 of 1st period - Stopped by John Gibson with a rebound.
9:00 of 1st period - Snap shot by Blake Wheeler.
9:00 of 1st period - Stopped by John Gibson with a rebound.
10:03 of 1st period - Icing by Jiri Fischer.
10:04 of 1st period - Nate Thompson wins face-off versus Ondrej Palat in Red Wings zone.
10:21 of 1st period - Matt Carle is hit by Nate Thompson and loses puck.
10:32 of 1st period - Snap shot by Ryan Getzlaf.
10:32 of 1st period - Shot Blocked by Tyler Seguin.
10:42 of 1st period - Wrist shot by Ryan Getzlaf.
10:42 of 1st period - Stopped by John Gibson with a rebound.
11:16 of 1st period - Snap shot by Chris Kelly.
11:16 of 1st period - Shot Blocked by Brent Burns.
11:36 of 1st period - Jiri Fischer is hit by Christian Ehrhoff and loses puck.
11:43 of 1st period - Scott Hartnell is hit by Brent Seabrook and loses puck.
11:55 of 1st period - Icing by Jiri Fischer.
11:56 of 1st period - Nate Thompson wins face-off versus Mike Cammalleri in Red Wings zone.
12:06 of 1st period - Brent Seabrook is hit by Blake Wheeler and loses puck.
12:17 of 1st period - Minor Penalty to Ryan Getzlaf for Hooking.
12:18 of 1st period - Tyler Seguin wins face-off versus Joe Thornton in Capitals zone.
12:49 of 1st period - Snap shot by Tyler Seguin.
12:49 of 1st period - Shot Blocked by Christian Ehrhoff.
12:51 of 1st period - Slapshot by Philip Samuelsson.
12:51 of 1st period - Shot Hit the Post.
13:11 of 1st period - Wrist shot by Adam Henrique.
13:11 of 1st period - Shot Misses the Net.
13:13 of 1st period - Snap shot by Tyler Seguin.
13:13 of 1st period - Goal by Tyler Seguin - Capitals : 0 - Red Wings : 1.
13:14 of 1st period - Joe Pavelski wins face-off versus Pierre-Marc Bouchard in neutral zone.
13:24 of 1st period - Snap shot by Joe Thornton.
13:24 of 1st period - Shot Misses the Net.
13:26 of 1st period - Slapshot by Victor Hedman.
13:26 of 1st period - Shot Misses the Net.
13:28 of 1st period - Wrist shot by Victor Hedman.
13:28 of 1st period - Deflect By Joe Pavelski.
13:28 of 1st period - Stopped by John Gibson with a rebound.
13:38 of 1st period - Blake Wheeler is hit by Philip Samuelsson and loses puck.
14:01 of 1st period - Snap shot by Oleg Saprykin.
14:01 of 1st period - Shot Misses the Net.
14:03 of 1st period - Slapshot by Brent Seabrook.
14:03 of 1st period - Shot Misses the Net.
14:17 of 1st period - Lubomir Visnovsky is hit by Scott Hartnell and loses puck.
14:46 of 1st period - Mike Cammalleri is hit by Sean Bergenheim and loses puck.
14:53 of 1st period - Minor Penalty to Dan Girardi for Roughing.
14:54 of 1st period - Joe Thornton wins face-off versus Tyler Seguin in Capitals zone.
15:43 of 1st period - Tyler Seguin is hit by Joe Pavelski and loses puck.
16:53 of 1st period - Penalty to Dan Girardi is over, Dan Girardi is back on ice.
17:23 of 1st period - Slapshot by Nate Thompson.
17:23 of 1st period - Stopped by Ilya Bryzgalov with a rebound.
17:48 of 1st period - Sean Bergenheim is hit by Mikko Koivu and loses puck.
19:04 of 1st period - Philip Samuelsson is hit by Blake Wheeler and loses puck.
19:52 of 1st period - Snap shot by Alex Picard.
19:52 of 1st period - Stopped by Ilya Bryzgalov with a rebound.
Goals for this period are 0 for Capitals vs 1 for Red Wings.
Shots for this period are 8 for Capitals vs 7 for Red Wings.
2nd period
0:01 of 2nd period - Tyler Seguin wins face-off versus Joe Thornton in neutral zone.
0:54 of 2nd period - Snap shot by T.J. Oshie.
0:54 of 2nd period - Stopped by John Gibson with a rebound.
0:56 of 2nd period - Wrist shot by T.J. Oshie.
0:56 of 2nd period - Stopped by John Gibson without a rebound.
0:57 of 2nd period - Tyler Seguin wins face-off versus Joe Thornton in Red Wings zone.
1:24 of 2nd period - Pierre-Marc Bouchard is hit by Mikko Koivu.
1:34 of 2nd period - Snap shot by Pierre-Marc Bouchard.
1:34 of 2nd period - Shot Blocked by Christian Ehrhoff.
1:48 of 2nd period - Ryan Getzlaf is hit by Jiri Fischer and loses puck.
2:10 of 2nd period - Slapshot by Joe Thornton.
2:10 of 2nd period - Stopped by John Gibson without a rebound.
2:11 of 2nd period - Joe Thornton wins face-off versus Tyler Seguin in Red Wings zone.
2:18 of 2nd period - Slapshot by Joe Pavelski.
2:18 of 2nd period - Deflect By Adam Henrique.
2:18 of 2nd period - Shot Misses the Net.
2:18 of 2nd period - Puck is out of play.
2:19 of 2nd period - Joe Pavelski wins face-off versus Tyler Seguin in Red Wings zone.
2:30 of 2nd period - Slapshot by Adam Henrique.
2:30 of 2nd period - Stopped by Ilya Bryzgalov without a rebound.
2:31 of 2nd period - Joe Thornton wins face-off versus Tyler Seguin in Capitals zone.
3:35 of 2nd period - Joey Ryan is hit by Ole-Kristian Tollefsen and loses puck.
4:00 of 2nd period - Slapshot by Tyler Seguin.
4:00 of 2nd period - Stopped by Ilya Bryzgalov without a rebound.
4:01 of 2nd period - Patrick Marleau wins face-off versus Tyler Seguin in Capitals zone.
4:56 of 2nd period - Wrist shot by Alex Picard.
4:56 of 2nd period - Stopped by Ilya Bryzgalov with a rebound.
4:58 of 2nd period - Snap shot by Chris Kelly.
4:58 of 2nd period - Stopped by Ilya Bryzgalov with a rebound.
5:00 of 2nd period - Wrist shot by Carson Mcmillan.
5:00 of 2nd period - Shot Blocked by Matt Carle.
5:02 of 2nd period - Snap shot by Chris Kelly.
5:02 of 2nd period - Stopped by Ilya Bryzgalov with a rebound.
5:16 of 2nd period - Snap shot by Phil Kessel.
5:16 of 2nd period - Shot Misses the Net.
5:32 of 2nd period - Wrist shot by Mikko Koivu.
5:32 of 2nd period - Shot Blocked by Oleg Saprykin.
5:36 of 2nd period - Wrist shot by Mikko Koivu.
5:36 of 2nd period - Stopped by John Gibson with a rebound.
5:38 of 2nd period - Wrist shot by T.J. Oshie.
5:38 of 2nd period - Stopped by John Gibson without a rebound.
5:39 of 2nd period - Tyler Toffoli wins face-off versus Ryan Getzlaf in Red Wings zone.
5:54 of 2nd period - Wrist shot by Ryan Getzlaf.
5:54 of 2nd period - Shot Misses the Net.
6:15 of 2nd period - Snap shot by Adam Henrique.
6:15 of 2nd period - Shot Misses the Net.
6:27 of 2nd period - Snap shot by Mikko Koivu.
6:27 of 2nd period - Shot Misses the Net.
6:29 of 2nd period - Backhand shot by Patrick Marleau.
6:29 of 2nd period - Deflect By Mikko Koivu.
6:29 of 2nd period - Shot Blocked by Brent Seabrook.
6:29 of 2nd period - Puck is out of play.
6:30 of 2nd period - Pierre-Marc Bouchard wins face-off versus Mikko Koivu in Red Wings zone.
6:39 of 2nd period - Snap shot by Pierre-Marc Bouchard.
6:39 of 2nd period - Deflect By Victor Hedman.
6:39 of 2nd period - Goal by Pierre-Marc Bouchard - Capitals : 0 - Red Wings : 2.
6:40 of 2nd period - Tyler Seguin wins face-off versus Joe Thornton in neutral zone.
6:47 of 2nd period - Wrist shot by Tyler Seguin.
6:47 of 2nd period - Shot Misses the Net.
6:49 of 2nd period - Slapshot by Phil Kessel.
6:49 of 2nd period - Stopped by Ilya Bryzgalov without a rebound.
6:50 of 2nd period - Tyler Seguin wins face-off versus Joe Thornton in Capitals zone.
7:09 of 2nd period - Snap shot by Phil Kessel.
7:09 of 2nd period - Stopped by Ilya Bryzgalov without a rebound.
7:10 of 2nd period - Ryan Getzlaf wins face-off versus Pierre-Marc Bouchard in Capitals zone.
7:23 of 2nd period - Slapshot by Brent Burns.
7:23 of 2nd period - Deflect By Blake Wheeler.
7:23 of 2nd period - Stopped by John Gibson with a rebound.
8:06 of 2nd period - Snap shot by Chris Kelly.
8:06 of 2nd period - Shot Misses the Net.
8:08 of 2nd period - Wrist shot by Alex Picard.
8:08 of 2nd period - Shot Misses the Net.
8:10 of 2nd period - Snap shot by Philip Samuelsson.
8:10 of 2nd period - Deflect By Alex Picard.
8:10 of 2nd period - Stopped by Ilya Bryzgalov with a rebound.
8:27 of 2nd period - Wrist shot by Oleg Saprykin.
8:27 of 2nd period - Stopped by Ilya Bryzgalov without a rebound.
8:28 of 2nd period - Pierre-Marc Bouchard wins face-off versus Joe Thornton in Capitals zone.
8:29 of 2nd period - Snap shot by Sean Bergenheim.
8:29 of 2nd period - Goal by Sean Bergenheim - Capitals : 0 - Red Wings : 3.
8:30 of 2nd period - Pierre-Marc Bouchard wins face-off versus Joe Thornton in neutral zone.
8:59 of 2nd period - Wrist shot by Adam Henrique.
8:59 of 2nd period - Shot Misses the Net.
9:01 of 2nd period - Wrist shot by Adam Henrique.
9:01 of 2nd period - Goal by Adam Henrique - Capitals : 0 - Red Wings : 4.
9:01 of 2nd period - Tuukka Rask enters game.
9:02 of 2nd period - Pierre-Marc Bouchard wins face-off versus Scott Hartnell in neutral zone.
9:07 of 2nd period - Snap shot by Joe Thornton.
9:07 of 2nd period - Deflect By Joe Pavelski.
9:07 of 2nd period - Deflect By Brent Seabrook.
9:07 of 2nd period - Shot Misses the Net.
9:07 of 2nd period - Puck is out of play.
9:08 of 2nd period - Joe Thornton wins face-off versus Pierre-Marc Bouchard in Red Wings zone.
9:09 of 2nd period - Slapshot by Joe Pavelski.
9:09 of 2nd period - Stopped by John Gibson with a rebound.
9:13 of 2nd period - Snap shot by Scott Hartnell.
9:13 of 2nd period - Stopped by John Gibson without a rebound.
9:14 of 2nd period - Tyler Seguin wins face-off versus Joe Thornton in Red Wings zone.
9:26 of 2nd period - Minor Penalty to Scott Hartnell for Holding.
9:27 of 2nd period - Tyler Seguin wins face-off versus Joe Thornton in Capitals zone.
9:31 of 2nd period - Slapshot by Phil Kessel.
9:31 of 2nd period - Shot Misses the Net.
9:33 of 2nd period - Slapshot by Brent Seabrook.
9:33 of 2nd period - Stopped by Tuukka Rask without a rebound.
9:34 of 2nd period - Joe Thornton wins face-off versus Tyler Seguin in Capitals zone.
10:47 of 2nd period - Slapshot by Brent Seabrook.
10:47 of 2nd period - Goal by Brent Seabrook - Capitals : 0 - Red Wings : 5.
10:48 of 2nd period - Ryan Getzlaf wins face-off versus Pierre-Marc Bouchard in neutral zone.
10:56 of 2nd period - Icing by Tyler Toffoli.
10:57 of 2nd period - Ryan Getzlaf wins face-off versus Pierre-Marc Bouchard in Red Wings zone.
11:06 of 2nd period - Pierre-Marc Bouchard is hit by Mike Cammalleri.
11:26 of 2nd period - Snap shot by Sean Bergenheim.
11:26 of 2nd period - Deflect By Matt Carle.
11:26 of 2nd period - Shot Misses the Net.
11:26 of 2nd period - Puck is out of play.
11:27 of 2nd period - Joe Thornton wins face-off versus Tyler Seguin in Capitals zone.
11:53 of 2nd period - Joe Pavelski is hit by Ales Hemsky and loses puck.
12:00 of 2nd period - Slapshot by Nate Thompson.
12:00 of 2nd period - Shot Misses the Net.
12:26 of 2nd period - Slapshot by Philip Samuelsson.
12:26 of 2nd period - Shot Blocked by Christian Ehrhoff.
12:35 of 2nd period - Off-side.
12:36 of 2nd period - Chris Kelly wins face-off versus Mikko Koivu in neutral zone.
12:40 of 2nd period - Ryan O'Byrne is hit by Matt Carle and loses puck.
13:00 of 2nd period - Lubomir Visnovsky is hit by Mikko Koivu and loses puck.
13:03 of 2nd period - Slapshot by Lubomir Visnovsky.
13:03 of 2nd period - Shot Misses the Net.
13:05 of 2nd period - Slapshot by Ryan O'Byrne.
13:05 of 2nd period - Stopped by Tuukka Rask with a rebound.
13:07 of 2nd period - Wrist shot by Alex Picard.
13:07 of 2nd period - Stopped by Tuukka Rask with a rebound.
13:09 of 2nd period - Slapshot by Lubomir Visnovsky.
13:09 of 2nd period - Shot Misses the Net.
13:11 of 2nd period - Wrist shot by Carson Mcmillan.
13:11 of 2nd period - Stopped by Tuukka Rask without a rebound.
13:12 of 2nd period - Tyler Seguin wins face-off versus Joe Thornton in Capitals zone.
13:37 of 2nd period - Mike Cammalleri is hit by Tyler Toffoli and loses puck.
13:42 of 2nd period - Slapshot by Pierre-Marc Bouchard.
13:42 of 2nd period - Stopped by Tuukka Rask with a rebound.
14:30 of 2nd period - Lubomir Visnovsky is hit by T.J. Oshie and loses puck.
15:52 of 2nd period - Dan Girardi is hit by Jiri Fischer and loses puck.
17:23 of 2nd period - Scott Hartnell is hit by Sean Bergenheim and loses puck.
18:43 of 2nd period - Tyler Seguin is hit by Matt Carle and loses puck.
19:29 of 2nd period - Mike Cammalleri is hit by Tyler Toffoli and loses puck.
19:38 of 2nd period - Snap shot by Pierre-Marc Bouchard.
19:38 of 2nd period - Stopped by Tuukka Rask without a rebound.
19:39 of 2nd period - Joe Thornton wins face-off versus Tyler Seguin in Capitals zone.
19:44 of 2nd period - Slapshot by Brent Burns.
19:44 of 2nd period - Shot Blocked by Tyler Seguin.
19:56 of 2nd period - Wrist shot by Adam Henrique.
19:56 of 2nd period - Stopped by Tuukka Rask with a rebound.
Goals for this period are 0 for Capitals vs 4 for Red Wings.
Shots for this period are 8 for Capitals vs 20 for Red Wings.
3rd period
0:01 of 3rd period - Joe Thornton wins face-off versus Tyler Seguin in neutral zone.
0:08 of 3rd period - Slapshot by Joe Thornton.
0:08 of 3rd period - Goal by Joe Thornton - Capitals : 1 - Red Wings : 5.
0:09 of 3rd period - Tyler Toffoli wins face-off versus Joe Thornton in neutral zone.
1:01 of 3rd period - Chris Kelly is hit by Patrick Marleau.
1:02 of 3rd period - Icing by Chris Kelly.
1:03 of 3rd period - Joe Thornton wins face-off versus Chris Kelly in Red Wings zone.
1:08 of 3rd period - Snap shot by Joe Thornton.
1:08 of 3rd period - Stopped by John Gibson with a rebound.
1:10 of 3rd period - Wrist shot by Christian Ehrhoff.
1:10 of 3rd period - Stopped by John Gibson with a rebound.
1:12 of 3rd period - Slapshot by Christian Ehrhoff.
1:12 of 3rd period - Deflect By Brent Seabrook.
1:12 of 3rd period - Stopped by John Gibson with a rebound.
1:14 of 3rd period - Slapshot by Christian Ehrhoff.
1:14 of 3rd period - Shot Blocked by Carson Mcmillan.
1:16 of 3rd period - Snap shot by Joe Thornton.
1:16 of 3rd period - Shot Blocked by Carson Mcmillan.
1:18 of 3rd period - Wrist shot by Christian Ehrhoff.
1:18 of 3rd period - Shot Misses the Net.
1:28 of 3rd period - Phil Kessel is hit by Brent Burns and loses puck.
4:13 of 3rd period - Slapshot by Adam Henrique.
4:13 of 3rd period - Shot Blocked by Mikko Koivu.
4:15 of 3rd period - Wrist shot by Phil Kessel.
4:15 of 3rd period - Shot Misses the Net.
4:33 of 3rd period - Snap shot by Phil Kessel.
4:33 of 3rd period - Stopped by Tuukka Rask without a rebound.
4:34 of 3rd period - Pierre-Marc Bouchard wins face-off versus Ryan Getzlaf in Capitals zone.
4:49 of 3rd period - Wrist shot by Sean Bergenheim.
4:49 of 3rd period - Stopped by Tuukka Rask without a rebound.
4:50 of 3rd period - Chris Kelly wins face-off versus Mikko Koivu in Capitals zone.
4:53 of 3rd period - Snap shot by Alex Picard.
4:53 of 3rd period - Stopped by Tuukka Rask without a rebound.
4:54 of 3rd period - Chris Kelly wins face-off versus Mikko Koivu in Capitals zone.
5:09 of 3rd period - Snap shot by Chris Kelly.
5:09 of 3rd period - Stopped by Tuukka Rask with a rebound.
5:15 of 3rd period - Minor Penalty to Mikko Koivu for Charging.
5:16 of 3rd period - Pierre-Marc Bouchard wins face-off versus Joe Thornton in Capitals zone.
5:25 of 3rd period - Snap shot by Sean Bergenheim.
5:25 of 3rd period - Shot Misses the Net.
5:27 of 3rd period - Snap shot by Tyler Toffoli.
5:27 of 3rd period - Stopped by Tuukka Rask with a rebound.
5:29 of 3rd period - Wrist shot by Pierre-Marc Bouchard.
5:29 of 3rd period - Goal by Pierre-Marc Bouchard - Capitals : 1 - Red Wings : 6.
5:30 of 3rd period - Pierre-Marc Bouchard wins face-off versus Joe Thornton in neutral zone.
5:55 of 3rd period - Blake Wheeler is hit by Ole-Kristian Tollefsen and loses puck.
6:22 of 3rd period - Slapshot by Mikko Koivu.
6:22 of 3rd period - Stopped by John Gibson without a rebound.
6:23 of 3rd period - Mikko Koivu wins face-off versus Sean Bergenheim in Red Wings zone.
6:24 of 3rd period - Snap shot by T.J. Oshie.
6:24 of 3rd period - Stopped by John Gibson with a rebound.
6:32 of 3rd period - Snap shot by Patrick Marleau.
6:32 of 3rd period - Stopped by John Gibson without a rebound.
6:33 of 3rd period - Pierre-Marc Bouchard wins face-off versus Joe Thornton in Red Wings zone.
7:30 of 3rd period - Slapshot by Ryan Getzlaf.
7:30 of 3rd period - Shot Blocked by Nate Thompson.
7:50 of 3rd period - Slapshot by Brent Burns.
7:50 of 3rd period - Shot Misses the Net.
8:27 of 3rd period - Minor Penalty to Phil Kessel for Interference.
8:28 of 3rd period - Joe Thornton wins face-off versus Oleg Saprykin in Red Wings zone.
9:02 of 3rd period - Slapshot by Brent Burns.
9:02 of 3rd period - Shot Blocked by Chris Kelly.
10:27 of 3rd period - Penalty to Phil Kessel is over, Phil Kessel is back on ice.
11:33 of 3rd period - Blake Wheeler is hit by Brent Seabrook and loses puck.
13:13 of 3rd period - Mike Cammalleri is hit by Tyler Seguin and loses puck.
13:20 of 3rd period - Minor Penalty to Mike Cammalleri for Hooking.
13:21 of 3rd period - Joe Thornton wins face-off versus Tyler Seguin in Capitals zone.
13:48 of 3rd period - Off-side.
13:49 of 3rd period - Joe Thornton wins face-off versus Pierre-Marc Bouchard in neutral zone.
13:54 of 3rd period - Jiri Fischer is hit by Brent Burns.
14:14 of 3rd period - Jiri Fischer is hit by Scott Hartnell and loses puck.
14:37 of 3rd period - Wrist shot by Sean Bergenheim.
14:37 of 3rd period - Stopped by Tuukka Rask without a rebound.
14:38 of 3rd period - Pierre-Marc Bouchard wins face-off versus Scott Hartnell in Capitals zone.
14:39 of 3rd period - Slapshot by Brent Seabrook.
14:39 of 3rd period - Stopped by Tuukka Rask without a rebound.
14:40 of 3rd period - Scott Hartnell wins face-off versus Pierre-Marc Bouchard in Capitals zone.
14:51 of 3rd period - Wrist shot by Philip Samuelsson.
14:51 of 3rd period - Stopped by Tuukka Rask with a rebound.
15:07 of 3rd period - Scott Hartnell is hit by Brent Seabrook and loses puck.
15:20 of 3rd period - Penalty to Mike Cammalleri is over, Mike Cammalleri is back on ice.
16:17 of 3rd period - Icing by Lubomir Visnovsky.
16:18 of 3rd period - Phil Kessel wins face-off versus David Krejci in Red Wings zone.
16:25 of 3rd period - Wrist shot by Phil Kessel.
16:25 of 3rd period - Stopped by Tuukka Rask without a rebound.
16:26 of 3rd period - Pierre-Marc Bouchard wins face-off versus Ryan Getzlaf in Capitals zone.
16:39 of 3rd period - Snap shot by Mike Cammalleri.
16:39 of 3rd period - Goal by Mike Cammalleri - Capitals : 2 - Red Wings : 6.
16:40 of 3rd period - Pierre-Marc Bouchard wins face-off versus Joe Thornton in neutral zone.
17:15 of 3rd period - Snap shot by Tyler Toffoli.
17:15 of 3rd period - Shot Misses the Net.
17:25 of 3rd period - Tyler Toffoli is hit by Patrick Marleau and loses puck.
17:40 of 3rd period - Snap shot by Blake Wheeler.
17:40 of 3rd period - Shot Misses the Net.
18:00 of 3rd period - Slapshot by Tyler Toffoli.
18:00 of 3rd period - Stopped by Tuukka Rask with a rebound.
18:02 of 3rd period - Snap shot by Sean Bergenheim.
18:02 of 3rd period - Stopped by Tuukka Rask with a rebound.
18:04 of 3rd period - Slapshot by Sean Bergenheim.
18:04 of 3rd period - Shot Blocked by Victor Hedman.
18:10 of 3rd period - Snap shot by Sean Bergenheim.
18:10 of 3rd period - Shot Misses the Net.
18:16 of 3rd period - Slapshot by Sean Bergenheim.
18:16 of 3rd period - Stopped by Tuukka Rask with a rebound.
18:28 of 3rd period - Slapshot by Pierre-Marc Bouchard.
18:28 of 3rd period - Stopped by Tuukka Rask with a rebound.
18:30 of 3rd period - Slapshot by Ole-Kristian Tollefsen.
18:30 of 3rd period - Deflect By Matt Carle.
18:30 of 3rd period - Stopped by Tuukka Rask with a rebound.
18:32 of 3rd period - Slapshot by Ole-Kristian Tollefsen.
18:32 of 3rd period - Stopped by Tuukka Rask without a rebound.
18:33 of 3rd period - Tyler Seguin wins face-off versus Joe Thornton in Capitals zone.
18:40 of 3rd period - Wrist shot by Tyler Seguin.
18:40 of 3rd period - Stopped by Tuukka Rask without a rebound.
18:41 of 3rd period - Joe Thornton wins face-off versus Tyler Seguin in Capitals zone.
18:43 of 3rd period - Minor Penalty to Joe Thornton for Holding.
18:44 of 3rd period - Adam Henrique wins face-off versus Patrick Marleau in Capitals zone.
19:32 of 3rd period - Snap shot by David Krejci.
19:32 of 3rd period - Stopped by John Gibson with a rebound.
Goals for this period are 2 for Capitals vs 1 for Red Wings.
Shots for this period are 9 for Capitals vs 17 for Red Wings.
Back to the Top